 Dungeon Crawl Stone Soup version 0.26.0-10-g1f06aea511 (webtiles) character file.

Game seed: 13445418666701294186

53 Borgoz the Slasher (level 3, 0/30 HPs)
             Began as a Ghoul Gladiator on Jan 17, 2021.
             Slain by a gnoll
             ... wielding a +0 whip
              (4 damage)
             ... on level 3 of the Dungeon.
             The game lasted 00:01:50 (1286 turns).

Borgoz the Slasher (Ghoul Gladiator)                Turns: 1286, Time: 00:01:51

Health: 0/30       AC:  4    Str: 16 (17) XL:     3   Next: 89%
Magic:  2/2        EV: 12    Int:  1 (3)  God:
Gold:   19         SH:  0    Dex: 11      Spells: 2/2 levels left

rFire    . . .     SeeInvis .   a - +0 long sword
rCold    + . .     Faith    .   (no shield)
rNeg     + + +     Spirit   .   o - +0 leather armour
rPois    ∞         Reflect  .   f - +0 helmet
rElec    .         Harm     .   (no cloak)
rCorr    .         Rampage  .   (no gloves)
Will     .....                  (no boots)
Stlth    +.........             (no amulet)
HPRegen  0.00/turn              (no ring)
MPRegen  0.08/turn              (no ring)

@: no status effects
A: claws 1, cold resistance 1, negative energy resistance 3, inhibited
regeneration, torment resistance, unbreathing
a: no special abilities


You were on level 3 of the Dungeon.
You visited 1 branch of the dungeon, and saw 3 of its levels.

You collected 19 gold pieces.

Inventory:

Hand Weapons
 a - a +0 long sword (weapon)
Missiles
 d - 3 throwing nets (quivered)
Armour
 f - a +0 helmet (worn)
 o - a +0 leather armour (worn)
Scrolls
 h - a scroll of teleportation {unknown}
 l - 3 scrolls of remove curse
 m - a scroll of blinking {unknown}
Potions
 c - a potion of brilliance {unknown}
 e - a potion of haste {unknown}
 g - a potion of might {unknown}
 j - a potion of attraction {unknown}
 n - a potion of degeneration {unknown}


   Skills:
 + Level 2.7 Fighting
 * Level 3.2 Long Blades
 - Level 1.7 Throwing
 + Level 1.0 Armour
 * Level 3.2 Dodging


You had 2 spell levels left.
You didn't know any spells.
Your spell library contained the following spells:

 Spells                   Type           Power        Failure   Level
 Apportation              Tloc           0%           65%         1


Dungeon Overview and Level Annotations

Branches:
Dungeon (3/15)

Altars:
Kikubaaqudgha
Sif Muna
Vehumet


Innate Abilities, Weirdness & Mutations

You thrive by killing the living.
You are immune to poison.
You have sharp fingernails.
Your flesh is cold resistant. (rC+)
You are immune to negative energy. (rN+++)
You do not regenerate when monsters are visible.
You are immune to unholy pain and torment.
You can survive without breathing.


Message History

You closely miss the gnoll. The gnoll hits you with a +0 whip.
You barely miss the gnoll.
The gnoll is moderately wounded.
The gnoll hits you but does no damage. x3
You closely miss the gnoll.
The gnoll is moderately wounded.
The gnoll hits you but does no damage. The gnoll hits you with a +0 spear.
The gnoll hits you with a +0 whip.
* * * LOW HITPOINT WARNING * * *
It was a potion of mutation.
You feel extremely strange.
Your body decomposes!
You feel weakened.
Your body decomposes!
You feel dopey.
Your body decomposes!
You feel dopey. The gnoll hits you with a +0 spear.
* * * LOW HITPOINT WARNING * * *
The gnoll hits you but does no damage. The gnoll hits you with a +0 whip.
You die...

#######
....P..
.......
≈≈≈≈≈
≈≈≈
#####
#.g@#
#.gg#
###+#


You could see 3 gnolls.

Vanquished Creatures
  An adder (D:2)
  An ooze (D:1)
  2 dart slugs
  2 leopard geckos (D:1)
  An orc (D:3)
  2 giant cockroaches (D:1)
  3 goblins
  3 hobgoblins (D:1)
  4 jackals (D:1)
  A kobold (D:1)
  A quokka (D:3)
  2 ball pythons (D:3)
  4 bats
  A frilled lizard (D:2)
  3 rats (D:1)
31 creatures vanquished.

Vanquished Creatures (others)
  A plant (D:3)
1 creature vanquished.

Grand Total: 32 creatures vanquished

Notes
Turn   | Place    | Note
-------+----------+-------------------------------------------
     0 | D:1      | Borgoz the Ghoul Gladiator began the quest for the Orb.
     0 | D:1      | Reached XP level 1. HP: 17/17 MP: 0/0
   131 | D:1      | Reached XP level 2. HP: 20/24 MP: 1/1
   518 | D:1      | Reached XP level 3. HP: 30/30 MP: 2/2
   914 | D:2      | Found a radiant altar of Vehumet.
   914 | D:2      | Found an ancient bone altar of Kikubaaqudgha.
   914 | D:2      | Found a shimmering blue altar of Sif Muna.
   968 | D:2      | Identified Sif Muna's Catalogue of the Compass
   988 | D:2      | You fall into a shaft and drop 1 floor!
  1043 | D:3      | Reached skill level 1 in Armour
  1280 | D:2      | You fall into a shaft and drop 1 floor!
  1286 | D:3      | Slain by a gnoll

Illustrated notes

Levels and vault maps discovered:
D:1:      dpeg_arrival_more_subterranean_lakeside_camping, layout_basic,
          feat_on_display
D:2:      layout_basic, grunt_temple_overflow_magic_moments,
          lemuel_crystal_altar, nicolae_overflow_crystal_walls, minmay_domino_4,
          uniq_jessica
D:3:      lemuel_castle_with_subvaults [lemuel_castle_interior_carwin_3],
          layout_basic, evilmike_ruin_ashenzari, minmay_misc_feat_alley

Skill      XL: |  1  2  3 |
---------------+----------+-----
Long Blades    | 3 |  3.2
Dodging        | 3 |  3.2
Armour         | 1 |  1.0
Fighting       | |  2.7
Throwing       | |  1.7

Action                   || total
-------------------------++-------
Melee: Long sword        ||    94
  Use: Scroll            ||     2
       Potion            ||     1
Armor: Leather armour    ||    42
Dodge: Dodged            ||    85
       Rpst.: Long sword ||    26
